AoeStats
← phaple295

African Clearing

510520078Analyzed
4v4 RM · 1d ago on Oct 1, 2026· 78m 10s· 8 players
Game mode
Random Map
Map size
Large (8 player)
Population
200
Speed
Normal
Resources
Standard
Victory
Conquest
Starting age
Dark Age
Ending age
Imperial Age
RankedLock teamsTeams togetherTeam positionsShared explorationLock speedFull tech treeHidden civsTurbo modeCheats
Victory
Defeat
🇨🇳 Vietnamese · China
1006
+16
🇨🇳 Vikings · China
996
+16
🇨🇳 Lithuanians · China
980
+17
🇨🇳 Turks · China
970
+17
🇻🇳 Teutons · Vietnam
1044
-18
🇺🇸 Goths · United States
1038
-18
🇹🇼 Cumans · Taiwan
1017
-17
🇲🇾 Khmer · Malaysia
920
-13
北极熊
14:50 Feudal Age
16:43 Wheelbarrow
19:29 Castle Age
17:31 Double-Bit Axe
18:20 Arson
18:23 Horse Collar
18:39 Town Watch
21:47 Loom
26:34 Bow Saw
28:17 Elite Skirmisher
28:59 Squires
32:02 Heavy Plow
32:23 Hand Cart
33:41 Town Patrol
34:52 Fletching
35:14 Gold Mining
35:20 Stone Mining
36:56 Stone Shaft Mining
36:53 Hill Forts
37:12 Husbandry
37:23 Bloodlines
37:11 Bodkin Arrow
36:41 Pikeman
37:41 Light Cavalry
41:20 Imperial Age
39:36 Scale Mail Armor
39:46 Forging
39:42 Scale Barding Armor
42:16 Fortified Wall
41:48 Treadmill Crane
42:22 Fortified Wall
42:33 Ballistics
43:14 Chemistry
42:09 Murder Holes
42:25 Masonry
43:45 Two-Man Saw
43:20 Crop Rotation
43:12 Bracer
43:48 Iron Casting
43:34 Chain Barding Armor
43:37 Conscription
46:46 Tower Shields
46:08 Elite Leitis
47:24 Hoardings
47:15 Chain Mail Armor
48:55 Plate Barding Armor
48:55 Architecture
50:47 Cavalier
50:49 Winged Hussar
52:26 Halberdier
52:28 Imperial Skirmisher
53:19 Thumb Ring
52:36 Paladin
57:20 Padded Archer Armor
62:37 Caravan
63:08 Coinage
62:49 Guilds
65:01 Banking
76:22 Heavy Cavalry Archer
77:22 Leather Archer Armor
77:10 Heated Shot
77:41 Bombard Tower
77:12 Guard Tower
76:50 Crossbowman
XTB.眠笛
3:54 Loom
16:43 Feudal Age
21:10 Castle Age
19:01 Double-Bit Axe
20:03 Wheelbarrow
19:45 Stone Mining
20:39 Horse Collar
22:22 Bow Saw
22:19 Heavy Plow
22:30 Gold Mining
23:45 Stone Shaft Mining
24:03 Town Watch
26:52 Sanctity
26:53 Hand Cart
28:33 Town Patrol
28:55 Fletching
29:06 Padded Archer Armor
29:59 Thumb Ring
34:40 Imperial Age
32:57 Bodkin Arrow
32:43 Elite Skirmisher
35:02 Leather Archer Armor
34:58 Forging
34:54 Scale Barding Armor
35:19 Chatras
35:44 Ballistics
36:25 Chemistry
35:30 Siege Engineers
35:22 Murder Holes
35:38 Bracer
37:12 Two-Man Saw
36:44 Crop Rotation
36:03 Imperial Skirmisher
38:08 Hoardings
37:27 Elite Rattan Archer
38:52 Ring Archer Armor
39:35 Iron Casting
39:20 Chain Barding Armor
40:20 Masonry
44:22 Plate Barding Armor
44:11 Paper Money
44:01 Husbandry
44:11 Bloodlines
43:22 Elite Battle Elephant
44:35 Treadmill Crane
70:05 Caravan
70:35 Coinage
70:16 Guilds
41839751
4:11 Loom
18:18 Feudal Age
19:52 Wheelbarrow
19:00 Horse Collar
20:24 Town Watch
20:37 Gold Mining
20:49 Double-Bit Axe
27:55 Castle Age
26:15 Fletching
26:26 Padded Archer Armor
28:09 Stone Mining
30:16 Hand Cart
29:59 Bodkin Arrow
30:20 Leather Archer Armor
34:42 Fortified Wall
34:54 Ballistics
35:02 Bow Saw
34:56 Heavy Plow
41:42 Imperial Age
43:34 Two-Man Saw
42:37 Bracer
43:07 Treadmill Crane
43:14 Arrowslits
44:03 Conscription
44:42 Murder Holes
45:11 Bombard Tower
46:14 Town Patrol
47:10 Gold Shaft Mining
47:03 Artillery
48:16 Hoardings
65:51 Scale Barding Armor
65:57 Husbandry
66:08 Bloodlines
66:34 Forging
66:54 Chain Barding Armor
69:33 Plate Barding Armor
69:35 Iron Casting
78:16 Blast Furnace
沙正街小霸王
3:53 Loom
14:26 Feudal Age
14:47 Man-at-Arms
15:25 Double-Bit Axe
16:32 Arson
18:04 Horse Collar
25:21 Castle Age
24:44 Gold Mining
26:59 Bow Saw
27:09 Stone Mining
27:51 Heavy Plow
28:48 Squires
30:37 Forging
43:58 Iron Casting
45:34 Chieftains
46:44 Scale Barding Armor
46:42 Scale Mail Armor
48:05 Chain Mail Armor
50:38 Gold Shaft Mining
55:53 Imperial Age
57:26 Ballistics
62:38 Caravan
65:56 Treadmill Crane
67:42 Plate Mail Armor
68:13 Blast Furnace
67:02 Elite Berserk
68:07 Conscription
68:54 Fletching
71:13 Chemistry
71:05 Hoardings
72:08 Town Watch
72:23 Bodkin Arrow
74:27 Siege Engineers
74:33 Masonry
78:13 Fervor
78:16 Bracer
78:53 Architecture
harry841110
3:59 Loom
13:21 Feudal Age
15:33 Double-Bit Axe
17:49 Horse Collar
Blues_1111
17:11 Feudal Age
21:16 Castle Age
20:11 Stone Mining
20:42 Gold Mining
20:37 Horse Collar
20:45 Double-Bit Axe
22:39 Heavy Plow
22:51 Bow Saw
25:27 Gold Shaft Mining
29:51 Husbandry
34:06 Imperial Age
32:13 Wheelbarrow
31:24 Loom
36:31 Crop Rotation
35:40 Light Cavalry
36:30 Bloodlines
37:00 Conscription
36:42 Caravan
38:18 Scale Barding Armor
38:49 Ballistics
38:33 Heavy Scorpion
39:38 Chain Barding Armor
40:31 Double Crossbow
41:04 Siege Engineers
42:51 Hand Cart
44:39 Heated Shot
47:45 Elite Ballista Elephant
50:02 Pikeman
52:32 Elite Skirmisher
55:59 Stone Shaft Mining
60:11 Hussar
63:51 Halberdier
64:17 Arson
73:27 Masonry
73:14 Murder Holes
phaple295
5:13 Loom
14:54 Feudal Age
21:07 Castle Age
19:37 Double-Bit Axe
19:35 Horse Collar
19:47 Gold Mining
20:39 Stone Mining
22:15 Wheelbarrow
24:07 Bow Saw
24:01 Heavy Plow
29:00 Hand Cart
31:57 Town Watch
34:42 Pikeman
38:43 Imperial Age
37:32 Scale Mail Armor
37:44 Forging
37:36 Squires
38:34 Fletching
39:00 Chain Mail Armor
39:46 Conscription
41:18 Caravan
41:18 Arson
42:29 Elite Teutonic Knight
47:03 Iron Casting
46:59 Plate Mail Armor
46:25 Bodkin Arrow
46:31 Padded Archer Armor
48:12 Crenellations
47:41 Halberdier
62:30 Elite Skirmisher
64:17 Blast Furnace
63:34 Leather Archer Armor
64:17 Capped Ram
65:45 Ballistics
66:35 Chemistry
74:12 Ring Archer Armor
711WasAPartTimeJob
5:34 Loom
13:42 Feudal Age
19:00 Castle Age
17:19 Double-Bit Axe
17:16 Horse Collar
17:56 Scale Mail Armor
22:08 Forging
22:14 Chain Mail Armor
22:04 Squires
24:23 Bow Saw
24:45 Heavy Plow
27:27 Iron Casting
33:00 Pikeman
34:47 Wheelbarrow
35:24 Gold Mining
35:23 Town Watch
41:22 Imperial Age
39:04 Fletching
39:14 Padded Archer Armor
40:56 Hand Cart
40:10 Elite Skirmisher
41:02 Bodkin Arrow
41:23 Leather Archer Armor
41:43 Ballistics
43:18 Halberdier
45:15 Conscription
45:35 Bracer
51:41 Elite Huskarl
52:24 Anarchy
52:52 Masonry
56:05 Blast Furnace
60:00 Ring Archer Armor
67:27 Perfusion
Connection lost

Rejoining the realm…

Still unreachable

The connection could not be restored.

Session expired

The server has moved on; the page needs a fresh start.